 Dungeon Crawl Stone Soup version 0.28-a0-1356-g2ad6d04315 (webtiles) character file.

Game seed: 13742446050376331096

1318 stonewallka the Cleaver (level 8, -4/58 HPs)
             Began as a Mummy Berserker on Dec 30, 2021.
             Was a Priest of Trog.
             Slain by an iguana (7 damage)
             ... on level 6 of the Dungeon.
             The game lasted 00:10:55 (7343 turns).

stonewallka the Cleaver (Mummy Berserker)           Turns: 7343, Time: 00:10:56

Health: -4/58      AC: 11    Str: 22    XL:     8   Next: 33%
Magic:  8/8        EV:  8    Int:  6    God:    Trog [***...]
Gold:   133        SH:  0    Dex: 12    Spells: 7/7 levels left

rFire   x . .      SeeInvis .   a - +0 hand axe
rCold   + . .      Faith    .   (no shield)
rNeg    + + +      Spirit   .   c - +0 chain mail
rPois   ∞          Reflect  .   (no helmet)
rElec   .          Harm     .   o - +0 cloak
rCorr   .          Rampage  .   j - +1 pair of gloves
Will    ++...                   (no boots)
Stlth   ..........              (no amulet)
HPRegen 0.19/turn               i - ring of willpower
MPRegen 0.11/turn               (no ring)

@: no status effects
A: cold resistance 1, negative energy resistance 3, torment resistance 2, heat
vulnerability 1, no potions
a: Renounce Religion, Trog's Hand


You were on level 6 of the Dungeon.
You worshipped Trog.
Trog was most pleased with you.
You visited 1 branch of the dungeon, and saw 6 of its levels.
You also visited: Sewer.

You collected 254 gold pieces.
You spent 121 gold pieces at shops.

Inventory:

Hand Weapons
 a - a +0 hand axe (weapon)
 l - a +0 short sword
Missiles
 e - 26 poisoned darts
 g - 8 javelins (quivered)
 h - 3 curare-tipped darts
Armour
 b - a +0 animal skin
 c - a +0 chain mail (worn)
 j - a +1 pair of gloves (worn)
 o - a +0 cloak (worn)
Jewellery
 i - a ring of willpower (left hand)
Wands
 d - a wand of flame (3)
Scrolls
 f - a scroll of fog


   Skills:
 - Level 3.0 Fighting
 + Level 9.0 Axes
 - Level 1.5 Armour
 - Level 1.5 Dodging


You had 7 spell levels left.
You didn't know any spells.
Your spell library was empty.

Dungeon Overview and Level Annotations

Branches:
Dungeon (6/15)             Temple (0/1) D:5           Sewer (visited)

Altars:
Fedhas

Shops:
D:3 ?*:


Innate Abilities, Weirdness & Mutations

You are immune to poison.
Your flesh is cold resistant. (rC+)
You are immune to negative energy. (rN+++)
You are immune to unholy pain and torment.
You are vulnerable to heat. (rF-)
You do not drink.


Message History

The hound is heavily wounded.
You closely miss the phantom. You closely miss the orc priest.
You hit the iguana. You closely miss the orc. The iguana barely misses you.
The orc priest barely misses you. The hound barely misses you.
The orc hits you but does no damage.
Unknown command.
Unknown command.
You slash the hound!
You kill the hound!
Trog accepts your kill.
You closely miss the orc. You barely miss the iguana. You hit the orc priest.
You barely miss the phantom.
The phantom hits you but does no damage.
The iguana barely misses you.
The orc priest hits you but does no damage.
The orc hits you but does no damage.
Your Axes skill increases to level 9!
Unknown command.
The orc wizard mumbles some strange words.
The orc wizard flickers and vanishes!
Deactivating autopickup; reactivate with Ctrl-A.
The phantom hits you but does no damage.
The orc priest hits you with a +0 short sword.
* * * LOW HITPOINT WARNING * * *
Okay, then.
As you read the scroll of summoning, it crumbles to dust.
Wisps of shadow whirl around you... The iguana bites you.
* * * LOW HITPOINT WARNING * * *
The phantom hits you.
* * * LOW HITPOINT WARNING * * *
The iguana bites you but does no damage.
The orc priest barely misses you.
Unknown command.
Unknown command.
As you read the scroll of summoning, it crumbles to dust.
Wisps of shadow whirl around you...
Your orc wizard dissolves into shadows!
The iguana bites you but does no damage.
The phantom closely misses you. The iguana bites you!
You die...

#..#.# #..#.#
###..#<#
....#l#
#.###.##.#
#.......l#
#####.#.S####
#.#.SlWo#
#...oo@s#
###.oloS#
####..Joo##
.....o...##
#####...?#
.....#.##
###..#.#
#..#.# #..#.#


You could see a phantom (ally target), 3 iguanas, an orc priest, 3 orcs, 2
friendly water moccasins, a friendly scorpion (summoned), a friendly jelly
(summoned), a friendly adder (summoned) and 4 friendly orcs.

Vanquished Creatures
  2 water moccasins (D:5)
  An ice beast (D:5)
  A necrophage (D:4)
  An ogre (D:5)
  A centaur (D:5)
  2 kobold brigands (Sewer)
  A bullfrog (D:4)
  A water moccasin skeleton (D:4)
  2 howler monkeys
  A centaur zombie (D:5)
  A bullfrog skeleton (D:5)
  A hound (D:6)
  A centaur skeleton (D:5)
  An iguana (D:5)
  Natasha (thrice) (D:4)
  A killer bee zombie (D:5)
  A hound skeleton (D:4)
  5 adders
  An ufetubus (D:5)
  An adder skeleton (D:2)
  An adder zombie (D:2)
  6 dart slugs
  An orc (D:2)
  10 ball pythons
  8 bats
  9 endoplasms
  7 giant cockroaches
  5 goblins
  7 hobgoblins
  5 quokkas
  4 frilled lizards
  2 giant cockroach zombies (D:2)
  22 kobolds
  A quokka skeleton (D:2)
  10 rats
127 creatures vanquished.

Vanquished Creatures (others)
  A fungus (Sewer)
  8 plants (Sewer)
  A withered plant (D:2)
10 creatures vanquished.

Grand Total: 137 creatures vanquished

Notes
Turn   | Place    | Note
-------+----------+-------------------------------------------
     0 | D:1      | stonewallka the Mummy Berserker began the quest for the
                  | Orb.
     0 | D:1      | Reached XP level 1. HP: 18/18 MP: 1/1
    84 | D:1      | Found a faded altar of an unknown god.
   203 | D:1      | Reached XP level 2. HP: 16/24 MP: 2/2
   204 | D:1      | Reached skill level 3 in Axes
  1249 | D:2      | Reached XP level 3. HP: 26/29 MP: 3/3
  1415 | D:2      | Reached ** piety under Trog
  2015 | D:2      | Reached skill level 4 in Axes
  2656 | D:3      | Found Zapob's Assorted Antiques.
  2690 | D:3      | Reached XP level 4. HP: 34/35 MP: 4/4
  3092 | D:3      | Found Joeduch's Magic Scroll Emporium.
  3256 | D:3      | Bought a chain mail for 121 gold pieces
  3429 | D:3      | Found Syuhociun's Book Shop.
  3711 | D:4      | Found a blossoming altar of Fedhas.
  3728 | D:4      | Noticed Natasha
  3755 | D:4      | Killed Natasha
  3756 | D:4      | Reached XP level 5. HP: 39/41 MP: 5/5
  3783 | D:4      | Noticed a necrophage
  3783 | D:4      | Noticed Natasha
  3815 | D:4      | Killed a necrophage
  3816 | D:4      | Reached skill level 5 in Axes
  3944 | D:4      | Reached XP level 6. HP: 39/47 MP: 6/6
  4390 | D:4      | Killed Natasha
  4391 | D:4      | Reached skill level 6 in Axes
  4818 | D:4      | Noticed Natasha
  4828 | D:4      | Killed Natasha
  5234 | D:5      | Entered Level 5 of the Dungeon
  5275 | D:5      | Found a glowing drain.
  5290 | Sewer    | Entered a sewer
  5349 | Sewer    | Reached XP level 7. HP: 40/52 MP: 7/7
  5658 | Sewer    | Reached skill level 7 in Axes
  6256 | D:5      | Reached *** piety under Trog
  6584 | D:5      | Found a staircase to the Ecumenical Temple.
  6729 | D:5      | Reached skill level 8 in Axes
  6834 | D:5      | Reached XP level 8. HP: 50/58 MP: 8/8
  7341 | D:6      | Reached skill level 9 in Axes
  7343 | D:6      | Slain by an iguana

Illustrated notes

Levels and vault maps discovered:
D:1:      ncdulo_smallfort, layout_loops_ring,
          shapermc_ecumenical_altar_mp_urbaneastern
D:2:      cheibrodos_helix_gallery, layout_rooms, serial_undead,
          serial_undead_d, serial_undead_d, serial_undead_c, serial_undead_e
D:3:      layout_basic, serial_shops, shop, nicolae_shop_waterfront, shop
D:4:      layout_basic, mainiacjoe_overflow_concentric_impassable,
          nicolae_elevator_lobby_plus, uniq_natasha
D:5:      layout_loops_ring, minmay_temple_entry_waves, portal_sewer_entry_b
D:6:      layout_loops_ring, minmay_lizard_king

Skill      XL: |  1  2  3  4  5  6  7  8 |
---------------+-------------------------+-----
Axes           | 3 4 5 6 8 9 |  9.0
Fighting       | |  3.0
Armour         | |  1.5
Dodging        | |  1.5

Action                   |  1- 3 |  4- 6 |  7- 9 || total
-------------------------+-------+-------+-------++-------
Melee: Hand axe          |   148 |   211 |   193 ||   552
Throw: Dart              |     3 |     1 |       ||     4
       Javelin           |       |     3 |       ||     3
Invok: Trog's Hand       |     1 |     2 |     2 ||     5
Evoke: Wand              |       |       |     8 ||     8
  Use: Scroll            |       |     6 |     5 ||    11
 Stab: Distracted        |     1 |       |       ||     1
Armor: Animal skin       |    29 |     8 |       ||    37
       Chain mail        |       |    94 |   178 ||   272
Dodge: Dodged            |   113 |    77 |   122 ||   312

Table legend: (Time is in decaauts)
 A = Elapsed time spent in this place.
 B = Non-inter-level travel time spent in this place.
 C = Inter-level travel time spent in this place.
 D = Time resting spent in this place.
 E = Time spent auto-exploring this place.
 F = Levels seen in this place.
 G = Mean time per level.
                   A        B        C        D        E       F      G
               +--------+--------+--------+--------+--------+-----+--------+
         Total |   7397 |   7183 |    214 |   1762 |   4162 |   7 | 1056.7 |
       Dungeon |   6804 |   6590 |    214 |   1702 |   3824 |   6 | 1134.0 |
         Sewer |    593 |    593 |      0 |     60 |    338 |   1 |  593.0 |
               +--------+--------+--------+--------+--------+-----+--------+

Top non-repeatable levels by time:
     D:4: 1775 daAuts
     D:2: 1419 daAuts
     D:5: 1304 daAuts
     D:1: 1160 daAuts
     D:3: 1101 daAuts
   Sewer: 593 daAuts
     D:6: 43 daAuts
